Map: Dusk Towers

Players

MCanning - Winner!

  • Race: Protoss Protoss
  • League: Grandmaster

Starelf

  • Race: Zerg Zerg
  • League: Master

VOD

https://www.youtube.com/watch?v=qIVQ7ZW32ok

Description

Time

  • Played on: Jan. 19, 2016, 2:10 a.m.
  • Length: 6:28
Show
View Real Time Build Order
Export as new Build Order

MCanning Protoss - Winner!

Build Orders: Nexus First 

Get SALT Encoding   

  12  0:01  Probe (Chrono Boost)  
  13  0:11  Probe (Chrono Boost)  
  14  0:18  Pylon  
  14  0:22  Probe (Chrono Boost)  
  15  0:36  Probe (Chrono Boost)  
  16  0:46  Probe (Chrono Boost)  
  17  0:57  Nexus  
  17  1:08  Gateway  
  18  1:11  Probe (Chrono Boost)  
  18  1:22  Probe (Chrono Boost)  
  18  1:23  Assimilator  
  19  1:28  Assimilator  
  19  1:32  Probe (Chrono Boost)  
  20  1:43  Probe (Chrono Boost)  
  21  1:53  Probe (Chrono Boost)  
  22  1:55  Cybernetics Core  
  22  2:04  Probe (Chrono Boost)  
  23  2:09  Pylon  
  23  2:12  Probe (Chrono Boost)  
  23  2:14  Probe (Chrono Boost)  
  25  2:23  Probe (Chrono Boost)  
  25  2:25  Probe (Chrono Boost)  
  27  2:33  Probe (Chrono Boost)  
  27  2:34  Stalker (Chrono Boost)  
  27  2:35  Warp Gate  
  27  2:36  Mothership Core (Chrono Boost)  
  33  2:44  Probe (Chrono Boost)  
  33  2:54  Probe (Chrono Boost)  
  33  2:55  Probe (Chrono Boost)  
  35  3:01  Sentry (Chrono Boost)  
  35  3:05  Probe (Chrono Boost)  
  39  3:07  Probe (Chrono Boost)  
  39  3:15  Probe (Chrono Boost)  
  39  3:19  Probe (Chrono Boost)  
  41  3:21  Nexus  
  41  3:26  Probe (Chrono Boost)  
  42  3:31  Probe (Chrono Boost)  
  42  3:32  Twilight Council  
  42  3:33  Pylon  
  43  3:37  Probe (Chrono Boost)  
  44  3:41  Probe (Chrono Boost)  
  44  3:42  Pylon  
  44  3:48  Probe (Chrono Boost)  
  46  3:52  Probe (Chrono Boost)  
  47  3:57  Robotics Facility  
  47  3:58  Probe (Chrono Boost)  
  47  4:01  Charge (Chrono Boost)  
  47  4:02  Probe (Chrono Boost)  
  49  4:09  Probe (Chrono Boost)  
  50  4:11  Probe  
  50  4:12  Gateway  
  50  4:13  Gateway  
  51  4:21  Probe  
  52  4:28  Gateway x2  
  52  4:35  Gateway  
  52  4:36  Gateway  
  52  4:38  Probe  
  53  4:42  Gateway  
  53  4:46  Warp Prism (Chrono Boost)  
  55  4:53  Gateway  
  55  4:55  Gateway  
  55  4:56  Probe x2  
  57  5:00  Pylon  
  57  5:03  Probe  
  58  5:08  Probe  
  59  5:16  Zealot x3  
  59  5:21  Pylon  
  65  5:28  Probe, Observer (Chrono Boost)  
  67  5:31  Pylon  
  67  5:34  Zealot x2  
  67  5:35  Zealot x2  
  75  5:38  Zealot  
  75  5:39  Pylon x2, Zealot x3  
  83  5:57  Zealot x5  
  83  5:58  Zealot x2  
  83  5:59  Zealot x2  
  83  6:00  Zealot  
  103  6:17  Zealot  
  103  6:18  Zealot x5  
  105  6:19  Zealot x2  
  105  6:20  Zealot  
  105  6:23  Zealot  
Show
View Real Time Build Order
Export as new Build Order

Starelf Zerg 

Build Orders: 3 Hatch before Pool 

Get SALT Encoding   

  12  0:01  Drone  
  13  0:12  Overlord  
  13  0:18  Drone  
  14  0:31  Drone x2  
  14  0:34  Drone  
  17  0:52  Hatchery  
  17  0:55  Drone  
  17  0:58  Drone  
  18  1:18  Hatchery  
  17  1:31  Spawning Pool  
  16  1:34  Drone  
  16  1:37  Drone  
  18  1:41  Drone  
  18  1:46  Drone  
  20  1:55  Drone  
  21  2:01  Extractor  
  21  2:04  Drone  
  21  2:11  Drone  
  21  2:14  Drone  
  23  2:18  Drone, Queen  
  23  2:19  Queen  
  28  2:27  Overlord  
  28  2:34  Queen, Zergling x2  
  31  2:37  Drone  
  31  2:39  Drone  
  31  2:42  Drone  
  34  2:45  Drone  
  34  2:47  Drone  
  36  2:51  Overlord  
  36  2:54  Drone  
  36  2:57  Extractor  
  36  3:00  Drone  
  36  3:01  Drone  
  38  3:06  Lair  
  38  3:09  Drone  
  39  3:18  Drone x2  
  41  3:23  Overlord  
  40  3:30  Drone x2, Extractor  
  40  3:31  Overlord  
  41  3:34  Extractor  
  41  3:36  Zergling x2  
  41  3:37  Drone  
  41  3:40  Metabolic Boost  
  42  3:42  Drone x4  
  42  3:45  Drone  
  42  3:46  Drone  
  48  3:49  Drone  
  48  3:50  Drone  
  48  3:54  Drone x2  
  52  3:58  Overlord  
  52  4:03  Drone x2  
  52  4:04  Drone  
  52  4:06  Overseer  
  52  4:09  Drone x2  
  57  4:11  Drone  
  58  4:17  Hydralisk Den  
  58  4:18  Drone x2  
  59  4:26  Evolution Chamber  
  59  4:27  Evolution Chamber, Drone x2  
  59  4:28  Drone  
  59  4:29  Evolution Chamber  
  59  4:32  Drone  
  59  4:36  Drone x4  
  64  4:43  Extractor  
  64  4:44  Drone x3, Extractor  
  65  4:46  Lurker Den  
  65  4:48  Overlord  
  65  4:51  Overlord  
  65  4:54  Drone  
  66  5:04  Overlord  
  66  5:08  Drone x4  
  66  5:10  Drone  
  66  5:14  Drone  
  71  5:16  Hydralisk x2  
  71  5:18  Hydralisk  
  71  5:21  Hydralisk  
  77  5:24  Overlord  
  77  5:26  Hydralisk  
  81  5:33  Hydralisk x3  
  87  5:37  Hydralisk  
  87  5:40  Overlord x2  
  89  5:44  Hydralisk x2  
  89  5:46  Hydralisk  
  95  5:53  Hydralisk  
  97  5:59  Overlord, Hydralisk x4  
  97  6:02  Zergling x4  
Tags
 
Add a new tag
Caveats
  • Supply blocks, unpowered buildings, or Contaminate may cause inaccurate times.
  • Supply counts are checked every 10 seconds.